 Dungeon Crawl Stone Soup version 0.29.1-12-g30fa7ad0bf (webtiles) character file.

Game seed: 15575248768358792782

201286 cheesebisquit the Executioner (level 18, -2/297 HPs)
             Began as a Hill Orc Monk on Jan 12, 2023.
             Was the Champion of Beogh.
             Slain by a quicksilver ooze (11 damage)
             ... created by the Royal Jelly
             ... on level 4 of the Pits of Slime on Jan 13, 2023.
             The game lasted 03:27:44 (37254 turns).

cheesebisquit the Executioner (Hill Orc Monk)      Turns: 37254, Time: 03:27:45

Health: -2/297     AC:  5    Str: 31    XL:     18   Next: 54%
Magic:  4/36       EV:  2    Int: 10    God:    Beogh [******]
Gold:   454        SH:  0    Dex:  9    Spells: 17/17 levels left

rFire   . . .      SeeInvis .   (no weapon)
rCold   + . .      Faith    .   n - +3 tower shield
rNeg    + . .      Spirit   .   (body armour currently unavailable)
rPois   +          Reflect  +   (helmet currently unavailable)
rElec   .          Harm     .   (cloak currently unavailable)
rCorr   +          Rampage  .   (gloves currently unavailable)
Will    +....      NoTele   +   (boots currently unavailable)
Stlth   ++........              M - amulet of reflection
HPRegen 0.59/turn               G - ring of No Interval {*Corrode +Blink MP+9 Str+6 Stlth+}
MPRegen 0.25/turn               j - ring "Neud" {rC+ rN+ rCorr Str+3}

@: confused, tree-form, ambrosia-drunk, engulfed, corroded, hasted, very quick
A: stationary, stasis, torment immunity, boosted hp, walk on water, clumsy 2,
low MP 1, robust 1, (electricity resistance), subdued magic 1, MP-powered wands
}: 1/15 runes: serpentine
a: Renounce Religion, Evoke Blink, Smiting, Recall Orcish Followers, Give Item
to Named Follower, Resurrection


You were on level 4 of the Pits of Slime.
You worshipped Beogh.
Beogh was exalted by your worship.
You were a tree.
You visited 6 branches of the dungeon, and saw 32 of its levels.
You also visited: Gauntlet and Ice Cave.

You collected 2665 gold pieces.
You spent 2211 gold pieces at shops.

Inventory:

Hand Weapons
 b - the +5 battleaxe "Amifig" {flame, Int+2}
   (You acquired it on level 9 of the Dungeon)

   It burns those it strikes, dealing additional fire damage.
   Big, fiery blades are also staple armaments of hydra-hunters.
   Int:       It affects your intelligence (+2).
 c - a +8 broad axe of freezing
 l - the +10 broad axe of the Real Monster {holy, rF+}
   (You took it off a naga mage on level 3 of the Snake Pit)

   It has been blessed by the Shining One to cause great damage to the undead
   and demons.
   rF:        It protects you from fire.
 D - a +2 vorpal flail
 H - a +3 battleaxe
Missiles
 A - 29 poisoned darts
 E - 7 atropa-tipped darts (quivered)
 K - 12 curare-tipped darts
Armour
 a - a +2 cloak of willpower (melded)
 h - the +0 helmet of Tulips (melded) {Rampage Slay+2}
   (You found it in a Gauntlet)

   Slay:      It affects your accuracy & damage with ranged weapons and melee
   (+2).
   Rampage:   It bestows one free step when moving towards enemies.
 m - the +1 pair of boots of the Saviour (melded) {Will+ Regen+}
   (You found it in an ice cave)

   Regen:     It increases your rate of health regeneration.
   Will:      It increases your willpower.
 n - a +3 tower shield (worn)
 w - a +2 pair of gloves (melded)
 y - a +5 kite shield of cold resistance
 W - the +14 crystal plate armour "Pianke" (melded) {Fly Will- Int+9}
   (You acquired it on level 13 of the Dungeon)

   Int:       It affects your intelligence (+9).
   Fly:       It grants you flight.
   Will:      It decreases your willpower.
Jewellery
 j - the ring "Neud" (right branch) {rC+ rN+ rCorr Str+3}
   (You bought it in a shop on level 2 of the Orcish Mines)

   [ring of protection from cold]

   Str:       It affects your strength (+3).
   rC:        It protects you from cold.
   rN:        It protects you from negative energy.
   rCorr:     It protects you from acid and corrosion.
 q - a ring of flight
 G - the ring of No Interval (left branch) {*Corrode +Blink MP+9 Str+6 Stlth+}
   (You found it in an ice cave)

   [ring of strength]

   Str:       It affects your strength (+6).
   MP:        It affects your magic capacity (+9).
   +Blink:    It lets you blink.
   *Corrode:  It may corrode you when you take damage.
   Stlth:     It makes you more stealthy.
 M - an amulet of reflection (around neck)
 Z - a +6 ring of strength
Wands
 f - a wand of roots (11)
 v - a wand of charming (10)
 z - a wand of flame (35)
 O - a wand of polymorph (8)
 S - a wand of light (19)
 Y - a wand of mindburst (21)
Scrolls
 d - 4 scrolls of fog
 e - 16 scrolls of teleportation
 k - 5 scrolls of identify
 t - 4 scrolls of immolation
 u - 2 scrolls of silence
 B - 3 scrolls of magic mapping
 J - 5 scrolls of blinking
 L - 2 scrolls of poison
 R - 2 scrolls of amnesia
 V - a scroll of fear
Potions
 g - 3 potions of ambrosia
 i - a potion of cancellation
 p - 3 potions of resistance
 r - 4 potions of lignification
 Q - 3 potions of attraction
 U - a potion of haste
 X - 3 potions of invisibility


   Skills:
 + Level 20.8 Fighting
 - Level 22.4 Axes
 + Level 19.0 Armour
 - Level 2.4 Dodging
 - Level 1.5 Stealth
 + Level 10.5 Shields
 + Level 17.6 Invocations


You had 17 spell levels left.
You didn't know any spells.
Your spell library contained the following spells:

 Spells                   Type           Power      Damage    Failure   Level
 Magic Dart               Conj           0%         1d3       90%         1
 Slow                     Hex            0%         N/A       90%         1
 Sting                    Tmut/Pois      0%         1d3       90%         1
 Call Imp                 Summ           0%         N/A       97%         2
 Poisonous Vapours        Pois/Air       0%         N/A       97%         2
 Static Discharge         Conj/Air       0%         3-3/arc   97%         2
 Call Canine Familiar     Summ           0%         N/A       99%         3
 Confusing Touch          Hex            0%         N/A       99%         3
 Frozen Ramparts          Ice            0%         1d1       99%         3
 Gell's Gravitas          Tloc           0%         N/A       99%         3
 Lesser Beckoning         Tloc           0%         N/A       99%         3
 Mephitic Cloud           Conj/Pois/Air  0%         N/A       99%         3
 Portal Projectile        Hex/Tloc       0%         N/A       99%         3
 Teleport Other           Tloc           0%         N/A       99%         3
 Vampiric Draining        Necr           0%         2d6       99%         3
 Airstrike                Air            0%         2d(0-16)  100%        4
 Animate Dead             Necr           0%         N/A       100%        4
 Corpse Rot               Necr/Pois/Air  0%         N/A       100%        4
 Ice Form                 Ice/Tmut       0%         N/A       100%        4
 Leda's Liquefaction      Hex/Erth       0%         N/A       100%        4
 Olgreb's Toxic Radiance  Pois           0%         N/A       100%        4
 Passage of Golubria      Tloc           0%         N/A       100%        4
 Summon Ice Beast         Ice/Summ       0%         N/A       100%        4
 Summon Lightning Spire   Summ/Air       0%         N/A       100%        4
 Borgnjor's Vile Clutch   Necr/Erth      0%         N/A       100%        5
 Freezing Cloud           Conj/Ice/Air   0%         6-21      100%        5
 Lightning Bolt           Conj/Air       0%         1d11      100%        5
 Silence                  Hex/Air        0%         N/A       100%        5
 Death Channel            Necr           0%         N/A       100%        6
 Dispersal                Tloc           0%         N/A       100%        6
 Eringya's Noxious Bog    Tmut/Pois      0%         N/A       100%        6
 Simulacrum               Ice/Necr       0%         N/A       100%        6
 Lehudib's Crystal Spear  Conj/Erth      0%         10d2      100%        8
 Maxwell's Capacitive Co  Air            0%         ∞         100%        8
 Polar Vortex             Ice            0%         N/A       100%        9


Dungeon Overview and Level Annotations

Branches:
Dungeon (15/15)            Temple (1/1) D:4            Lair (5/5) D:9
 Shoals (0/4) Lair:2        Snake (4/4) Lair:2        Slime (5/5) Lair:4
    Orc (2/2) D:11            Elf (0/3) Orc:2        Vaults (0/5) D:13
 Depths (0/4) D:15          IceCv (visited)         Gauntlet (visited)

Altars:
Ashenzari
Cheibriados
Dithmenos
Elyvilon
Fedhas
Gozag
Hepliaklqana
Kikubaaqudgha
Makhleb
Nemelex Xobeh
Okawaru
Qazlal
Ru
Sif Muna
Trog
Uskayaw
Vehumet
Wu Jian
Xom
Yredelemnul
Zin
The Shining One
Jiyva

Shops:
D:3 (   D:5 ?   D:11 [   Orc:2 =*?=   Snake:4 [[*

Annotations:
D:7 2 transporters
Slime:5 Royal Jelly


Innate Abilities, Weirdness & Mutations

You are a tree.
Your roots penetrate the ground, keeping you stationary.
You cannot be teleported.
You are immune to unholy pain and torment.
Your maximum health is greatly increased.
Your equipment is partially melded.
You can walk on water.
You are very clumsy. (Dex -4)
Your magical capacity is low. (-10% MP)
You are robust. (+10% HP)
((You are resistant to electric shocks. (rElec)))
Your spells are a little easier to cast, but a little less powerful.
You expend magic power (3 MP) to strengthen your wands.


Message History

The quicksilver ooze hits you.
* * * LOW HITPOINT WARNING * * *
You feel your power leaking away.
Really quaff the potion of lignification? [Y]es or [N]o only, please.
Really quaff the potion of lignification?
You turn into a tree.
Your +2 cloak of willpower melds into your body.
The +0 helmet of Tulips {Rampage Slay+2} melds into your body.
Your +2 pair of gloves melds into your body.
The +1 pair of boots of the Saviour {Will+ Regen+} melds into your body.
The +14 crystal plate armour "Pianke" {Fly Will- Int+9} melds into your body.
You feel less strong-willed.
You float gracefully downwards.
Your roots penetrate the ground.
You block the quicksilver ooze's attack.
The quicksilver ooze hits you.
* * * LOW HITPOINT WARNING * * *
You feel your power leaking away.
The +10 broad axe of the Real Monster {holy, rF+} stops glowing.
You are now empty-handed.
The quicksilver ooze hits you. The quicksilver ooze engulfs you!
The quicksilver ooze hits you!
* * * LOW HITPOINT WARNING * * *
You hit the quicksilver ooze but do no damage.
The quicksilver ooze is moderately wounded.
You block the quicksilver ooze's attack.
The quicksilver ooze hits you!
* * * LOW HITPOINT WARNING * * *
You closely miss the quicksilver ooze.
The quicksilver ooze is moderately wounded.
You block the quicksilver ooze's attack. x2
The quicksilver ooze hits you.
You block the quicksilver ooze's attack.
You hit the quicksilver ooze.
The quicksilver ooze is moderately wounded.
The quicksilver ooze hits you!!
* * * LOW HITPOINT WARNING * * *
You block the quicksilver ooze's attack.
You are confused.
You feel invigorated. The quicksilver ooze hits you!
You die...

##............##....##...## ##.
##.#....#.......#..#.##....# #..
#...#....##....#..........######.
##.##....###..........#....#.###.
##.#.......#..................###
#.................#........#.## #
#.........................#.#.###
##....###.........<............#.
###.###........♣........#.......
####.#.......J.......##.......
#.................#.........
#..........#.#............##
#.........................##
##.........#...............#
###...#...#............##.##
##........##..........##.###
#####..........#..............# #


You could see a quicksilver ooze.

Vanquished Creatures
  A shard shrike (IceCv)
  11 acid blobs
  4 azure jellies
  4 nagarajas
  Aizul (Snake:3)
  6 rockslimes
  4 quicksilver oozes
  A stone giant (D:15)
  A minotaur (Gauntlet)
  A white draconian (IceCv)
  2 great orbs of eyes (Slime:5)
  3 catoblepae
  A salamander tyrant (Snake:4)
  2 ogre magi
  A centaur warrior (D:14)
  10 naga warriors
  7 hydras
  2 ironbound frosthearts (IceCv)
  3 anacondas
  9 two-headed ogres
  A deep troll shaman (Lair:5)
  A tengu warrior (D:9)
  9 death yaks
  6 shock serpents
  5 naga sharpshooters
  2 salamander mystics (Snake:4)
  A skeletal warrior (D:15)
  A glowing orange brain (shapeshifter) (D:9)
  2 naga ritualists (Snake:4)
  3 deep trolls
  A wizard (Gauntlet)
  A glowing orange brain (Slime:4)
  2 necromancers
  4 lindwurms (Lair:2)
  An orange crystal statue (IceCv)
  3 deep elf pyromancers (D:13)
  A deep elf zephyrmancer (D:13)
  10 mana vipers
  14 ugly things
  2 shining eyes
  7 salamanders
  Maurice (D:9)
  3 manticores
  20 elephants
  3 cyclopes
  4 guardian serpents
  A torpor snail (Lair:4)
  5 naga magi
  27 black mambas
  A cane toad (shapeshifter) (D:13)
  24 rime drakes
  12 cane toads
  2 efreet (D:13)
  5 komodo dragons
  12 polar bears (IceCv)
  A wind drake (Lair:2)
  7 trolls
  2 wolf spider simulacra (Gauntlet)
  A tyrant leech (Lair:5)
  13 blink frogs
  47 slime creatures
  A centaur simulacrum (Gauntlet)
  66 yaks
  A shadow (D:9)
  2 wraiths
  4 fire bats (D:12)
  2 vampires
  2 wyverns
  3 golden eyes (Slime:3)
  4 basilisks
  3 hogs (D:14)
  4 steam dragons
  7 vampire mosquitoes
  44 nagas
  A harpy simulacrum (Gauntlet)
  A swamp worm (Lair:5)
  Edmund (D:4)
  A hydra simulacrum (Gauntlet)
  6 water moccasins
  A hell hound (D:12)
  An ice beast (D:7)
  3 sky beasts
  5 orc warriors
  4 boggarts (D:14)
  2 black bears
  10 ogres
  4 phantoms
  18 wolves
  5 centaurs
  3 kobold brigands (D:9)
  A necrophage (D:6)
  4 scorpions
  13 bullfrogs
  6 wights
  10 killer bees
  2 electric eels (D:8)
  6 howler monkeys
  5 hounds
  2 lava snakes (D:12)
  A gnoll bouda (D:7)
  A jelly (Lair:4)
  4 orc priests
  Terence (D:3)
  Ijyb (D:4)
  5 iguanas
  7 orc wizards
  Robin (D:3)
  14 gnolls
  10 adders
  2 shadow imps
  2 worms (D:2)
  2 dart slugs
  13 orcs
  6 ball pythons
  6 bats
  6 endoplasms
  6 giant cockroaches
  11 hobgoblins
  11 jackals
  A quokka (D:3)
  4 frilled lizards
  16 goblins
  15 kobolds
  3 rats
  A fire vortex (D:12)
750 creatures vanquished.

Vanquished Creatures (collateral kills)
  Vashnia (Snake:3)
  Kirke (D:14)
  2 nagarajas (Snake:4)
  A rockslime (Slime:1)
  An azure jelly (Slime:5)
  2 yaktaur captains (D:15)
  A fire dragon (D:15)
  2 boulder beetles
  2 hydras
  An ogre mage (Orc:2)
  11 naga warriors
  A centaur warrior (D:13)
  2 two-headed ogres (Orc:2)
  3 anacondas
  2 death yaks
  4 shock serpents
  7 naga sharpshooters
  3 salamander mystics
  4 skeletal warriors (D:15)
  A deep troll (Orc:2)
  7 naga ritualists
  A wizard (D:15)
  A lindwurm (Lair:5)
  A deep elf archer (D:13)
  3 mana vipers
  A deep elf zephyrmancer (D:13)
  4 cyclopes
  3 manticores
  6 salamanders
  2 ugly things (D:15)
  A moth of wrath (Lair:5)
  An ice statue (D:14)
  7 naga magi
  6 elephants
  4 guardian serpents
  16 black mambas
  A cane toad (Lair:2)
  4 trolls (Orc:2)
  2 polar bears
  A tarantella (shapeshifter) (D:15)
  5 blink frogs
  2 slime creatures (D:14)
  11 yaks
  A wyvern (Lair:5)
  3 basilisks
  A vampire mosquito (D:12)
  3 swamp worms (Lair:5)
  An acid dragon (D:12)
  11 nagas
  A water moccasin (Lair:4)
  2 orc warriors
  12 ogres
  2 wolves
  2 centaurs (D:13)
  6 bullfrogs
  A jelly (Lair:4)
  An orc priest (Orc:2)
  An orc wizard (D:10)
  2 orcs (Orc:2)
  An endoplasm (Lair:4)
  A fire vortex (D:12)
194 creatures vanquished.

Vanquished Creatures (others)
  3 orc warlords
  4 orc knights
  An orc sorcerer (D:15)
  Maggie (D:8)
  8 orc warriors
  2 slime creatures
  3 orc wizards
  5 orc priests
  12 orcs
  A fire vortex (D:12)
  17 fungi
  53 plants
110 creatures vanquished.

Grand Total: 1054 creatures vanquished

Notes
Turn   | Place    | Note
-------+----------+-------------------------------------------
     0 | D:1      | cheesebisquit the Hill Orc Monk began the quest for the
                  | Orb.
     0 | D:1      | Reached XP level 1. HP: 19/19 MP: 1/1
   377 | D:1      | Reached XP level 2. HP: 27/27 MP: 2/2
   439 | D:1      | Reached skill level 1 in Armour
   959 | D:1      | Reached XP level 3. HP: 33/33 MP: 3/3
  1340 | D:2      | You fall into a shaft and drop 2 floors!
  1358 | D:3      | Found a stormy altar of Qazlal.
  1361 | D:3      | Found a blossoming altar of Fedhas.
  1474 | D:3      | Noticed Terence
  2520 | D:2      | Found a faded altar of an unknown god.
  2610 | D:2      | Reached XP level 4. HP: 37/41 MP: 4/4
  2865 | D:2      | Reached skill level 5 in Axes
  3600 | D:3      | Found Onwistrud's Weapon Boutique.
  3606 | D:3      | Bought 3 curare-tipped darts for 19 gold pieces
  3819 | D:3      | Noticed Robin
  3986 | D:3      | Killed Terence
  3987 | D:3      | Reached XP level 5. HP: 19/47 MP: 5/5
  4641 | D:3      | Killed Robin
  4642 | D:3      | Reached skill level 5 in Fighting
  4726 | D:4      | Noticed a phantom
  4823 | D:4      | Noticed a black bear
  4840 | D:4      | Killed a black bear
  4841 | D:4      | Reached skill level 6 in Axes
  4841 | D:4      | Reached XP level 6. HP: 49/56 MP: 6/6
  5291 | D:4      | Found a staircase to the Ecumenical Temple.
  5301 | D:4      | Reached XP level 7. HP: 62/63 MP: 7/7
  5343 | D:4      | Noticed Edmund
  5377 | D:4      | Killed Edmund
  5378 | D:4      | Reached skill level 7 in Axes
  5602 | D:4      | Reached skill level 5 in Armour
  6302 | D:4      | Noticed Ijyb
  6323 | D:4      | Reached XP level 8. HP: 57/73 MP: 8/8
  6423 | D:4      | Killed Ijyb
  6644 | Temple   | Entered the Ecumenical Temple
  6902 | D:5      | Entered Level 5 of the Dungeon
  6929 | D:5      | Found Luloir's Magic Scroll Boutique.
  6965 | D:5      | Bought a scroll of identify for 24 gold pieces
  6965 | D:5      | Bought a scroll of identify for 24 gold pieces
  6965 | D:5      | Bought a scroll of magic mapping for 90 gold pieces
  7195 | D:5      | Reached skill level 8 in Axes
  7253 | D:5      | Found a basalt altar of Yredelemnul.
  7422 | D:5      | Found a hide-covered altar of Uskayaw.
  8264 | D:6      | Found a bloodstained altar of Trog.
  8396 | D:6      | Reached skill level 9 in Axes
  8649 | D:6      | Reached XP level 9. HP: 77/82 MP: 9/9
  8780 | D:6      | Found an iron altar of Okawaru.
  8827 | D:6      | Found an ornate altar of the Wu Jian Council.
 10195 | D:7      | Reached skill level 10 in Axes
 10204 | D:7      | Found a shadowy altar of Dithmenos.
 10321 | D:7      | Noticed a troll
 10322 | D:7      | Noticed a troll
 10323 | D:7      | Noticed a manticore
 10517 | D:7      | Identified the +2 leather armour of Restlessness {rF+}
 10517 | D:7      | Noticed a red ugly thing
 10534 | D:7      | Found a transporter.
 10744 | D:7      | Found a transporter.
 11484 | D:8      | Became a worshipper of Beogh the Brigand
 11484 | D:8      | Reached * piety under Beogh
 11484 | D:8      | Reached ** piety under Beogh
 11535 | D:8      | Noticed Maggie
 11550 | D:8      | Killed Maggie
 11727 | D:8      | Reached skill level 10 in Fighting
 11838 | D:8      | Reached skill level 11 in Axes
 12098 | D:8      | Found the amulet of Vitality {RegenMP++ Regen++}
 12248 | D:8      | Reached XP level 10. HP: 84/93 MP: 10/10
 12426 | D:9      | Found a staircase to the Lair.
 12811 | D:9      | Found a glowing golden altar of the Shining One.
 12924 | D:9      | Reached skill level 12 in Axes
 12962 | D:9      | Noticed a manticore
 12987 | D:9      | Noticed a glowing orange brain
 13065 | D:9      | Killed a glowing orange brain
 13066 | D:9      | Reached skill level 10 in Armour
 13109 | D:9      | Found a snail-covered altar of Cheibriados.
 13119 | D:9      | Reached XP level 11. HP: 97/104 MP: 11/11
 13148 | D:9      | Noticed a two-headed ogre
 13202 | D:9      | Reached skill level 13 in Axes
 13366 | D:9      | Noticed a tengu warrior
 13382 | D:9      | Killed a tengu warrior
 13382 | D:9      | Reached *** piety under Beogh
 13388 | D:9      | Killed a two-headed ogre
 13397 | D:9      | Identified a scroll of acquirement
 13399 | D:9      | Acquired the +5 battleaxe "Amifig" {flame, Int+2}
 13490 | D:9      | Noticed a cyclops
 13496 | D:9      | Killed a cyclops
 13641 | D:9      | Noticed Maurice
 13647 | D:9      | Killed Maurice
 14211 | D:10     | Entered Level 10 of the Dungeon
 14297 | D:10     | Found a burning altar of Makhleb.
 14460 | D:10     | Reached skill level 14 in Axes
 15179 | D:11     | Noticed a five-headed hydra
 15183 | D:11     | Killed a two-headed hydra
 15234 | D:11     | Noticed a seven-headed hydra
 15241 | D:11     | Killed a five-headed hydra
 15242 | D:11     | Reached skill level 15 in Axes
 15334 | D:11     | Reached XP level 12. HP: 115/115 MP: 12/12
 15626 | D:11     | Found Zotym's Armour Shoppe.
 15626 | D:11     | Found a staircase to the Orcish Mines.
 15635 | D:11     | Bought a +2 pair of boots of stealth for 258 gold pieces
 15858 | D:11     | Noticed a five-headed hydra
 15866 | D:11     | Killed a one-headed hydra
 15866 | D:11     | Reached **** piety under Beogh
 15870 | D:11     | Reached skill level 16 in Axes
 16563 | D:12     | Gained Gorbash as an ally
 16820 | Lair:1   | Entered Level 1 of the Lair of Beasts
 16870 | Lair:1   | Reached skill level 1 in Invocations
 17246 | Lair:1   | Found a basalt altar of Yredelemnul.
 17628 | Lair:2   | Reached skill level 17 in Axes
 17751 | Lair:2   | Found a staircase to the Snake Pit.
 17778 | Lair:2   | Noticed an eight-headed hydra
 17781 | Lair:2   | Your ally Gorbash died
 17788 | Lair:2   | Killed a six-headed hydra
 17788 | Lair:2   | Reached ***** piety under Beogh
 17859 | Lair:2   | Found a staircase to the Shoals.
 17999 | Lair:2   | Reached skill level 5 in Invocations
 18005 | Lair:2   | Reached skill level 18 in Axes
 18005 | Lair:2   | Reached XP level 13. HP: 119/125 MP: 16/16
 18500 | Lair:2   | Reached skill level 15 in Fighting
 18711 | Lair:2   | Found the +2 hood of the Assassin {Detection Stab+ Stlth++}
 18771 | Lair:2   | Identified the +6 scale mail of Subjectivity {*Slow rCorr
                  | Int+7}
 18809 | Lair:3   | Reached skill level 19 in Axes
 19283 | D:11     | Bought a +1 plate armour of willpower for 420 gold pieces
 20019 | D:5      | Bought a scroll of enchant armour for 90 gold pieces
 20281 | Lair:4   | Gained Bladwarg as an ally
 20426 | Lair:4   | Reached skill level 20 in Axes
 20431 | Lair:4   | Reached XP level 14. HP: 120/136 MP: 20/20
 20448 | Lair:4   | Found a runed translucent door.
 20451 | Lair:4   | Found a staircase to the Slime Pits.
 21190 | Lair:5   | Entered Level 5 of the Lair of Beasts
 21261 | Lair:5   | Reached ****** piety under Beogh
 21262 | Lair:5   | Reached skill level 10 in Invocations
 21296 | Lair:5   | Gained Olfrun as an ally
 21297 | Lair:5   | Reached skill level 21 in Axes
 21497 | Lair:5   | Reached skill level 15 in Armour
 22709 | D:5      | Bought a scroll of teleportation for 36 gold pieces
 22709 | D:5      | Bought a scroll of fog for 48 gold pieces
 22709 | D:5      | Bought a scroll of magic mapping for 90 gold pieces
 22844 | Orc:1    | Entered Level 1 of the Orcish Mines
 22913 | Orc:2    | Entered Level 2 of the Orcish Mines
 22920 | Orc:2    | Found Cekhlaeg's General Store.
 22920 | Orc:2    | Found Laceshelir's Jewellery Boutique.
 22929 | Orc:2    | Gained Jorge as an ally
 22934 | Orc:2    | Your ally Jorge died
 22938 | Orc:2    | Reached XP level 15. HP: 141/147 MP: 23/23
 22952 | Orc:2    | Found Tuducw's Magic Scroll Shoppe.
 22963 | Orc:2    | Found Waerasy's Jewellery Shop.
 23018 | Orc:2    | Bought a potion of heal wounds for 85 gold pieces
 23111 | Orc:2    | Found a staircase to the Elven Halls.
 23284 | Orc:2    | Gained Horkud as an ally
 24493 | D:13     | Found a gate leading to a gauntlet.
 24499 | Gauntlet | Entered a Gauntlet
 24499 | Gauntlet | Found a transporter.
 24499 | Gauntlet | Found a transporter.
 24499 | Gauntlet | Found a runed translucent door.
 24499 | Gauntlet | Found a runed translucent door.
 24511 | Gauntlet | Found a transporter.
 24515 | Gauntlet | Found a transporter.
 24523 | Gauntlet | Found a transporter.
 24527 | Gauntlet | Found a transporter.
 24536 | Gauntlet | Found a transporter.
 24557 | Gauntlet | Found a transporter.
 24577 | Gauntlet | Found a transporter.
 24578 | Gauntlet | Found a transporter.
 24586 | Gauntlet | Found a transporter.
 24590 | Gauntlet | Found a transporter.
 24642 | Gauntlet | Identified the +2 helmet "Uhocsad" {Harm Rampage rC++
                  | Will-}
 24721 | Gauntlet | Identified the +0 helmet of Tulips {Rampage Slay+2}
 24816 | Gauntlet | Got Imous's Papyrus of the Putrid Compass
 25015 | D:13     | Reached skill level 22 in Axes
 25054 | D:13     | Found a gate to the Vaults.
 25386 | D:13     | Acquired the +14 crystal plate armour "Pianke" {Fly Will-
                  | Int+9}
 25658 | D:14     | Found a frozen archway.
 25670 | IceCv    | Entered an ice cave
 25703 | IceCv    | Identified the +1 pair of boots of the Saviour {Will+
                  | Regen+}
 25768 | IceCv    | Identified the ring of No Interval {*Corrode +Blink MP+9
                  | Str+6 Stlth+}
 25908 | IceCv    | Gained Wargath as an ally
 26069 | IceCv    | Noticed a shard shrike
 26081 | IceCv    | Your ally Wargath died
 26093 | IceCv    | Reached skill level 1 in Shields
 26100 | IceCv    | Killed a shard shrike
 26103 | IceCv    | Reached XP level 16. HP: 54/157 MP: 26/26
 26637 | D:14     | Noticed Kirke
 26644 | D:14     | Killed Kirke
 27238 | Orc:2    | Bought a scroll of enchant armour for 135 gold pieces
 27238 | Orc:2    | Bought a scroll of enchant weapon for 135 gold pieces
 27238 | Orc:2    | Bought a scroll of identify for 36 gold pieces
 27247 | Orc:2    | Gained mutation: Your flesh is cold resistant. (rC+)
                  | [potion of mutation]
 27247 | Orc:2    | Gained mutation: You are frail. (-10% HP) [potion of
                  | mutation]
 27247 | Orc:2    | Gained mutation: You are weak. (Str -2) [potion of
                  | mutation]
 27247 | Orc:2    | Gained mutation: You are covered in fur. (AC +1) [potion of
                  | mutation]
 27248 | Orc:2    | Lost mutation: You are frail. (-10% HP) [potion of
                  | mutation]
 27248 | Orc:2    | Lost mutation: Your flesh is cold resistant. (rC+) [potion
                  | of mutation]
 27248 | Orc:2    | Lost mutation: You are weak. (Str -2) [potion of mutation]
 27248 | Orc:2    | Gained mutation: You are resistant to electric shocks.
                  | (rElec) [potion of mutation]
 27248 | Orc:2    | Gained mutation: Armour fits poorly on your strangely
                  | shaped body. [potion of mutation]
 27249 | Orc:2    | Lost mutation: You are covered in fur. (AC +1) [potion of
                  | mutation]
 27249 | Orc:2    | Lost mutation: You are resistant to electric shocks.
                  | (rElec) [potion of mutation]
 27249 | Orc:2    | Gained mutation: You do not regenerate when monsters are
                  | visible. [potion of mutation]
 27249 | Orc:2    | Gained mutation: You expend magic power (3 MP) to
                  | strengthen your wands. [potion of mutation]
 27249 | Orc:2    | Gained mutation: You have an increased reservoir of magic.
                  | (+10% MP) [potion of mutation]
 27250 | Orc:2    | Lost mutation: Armour fits poorly on your strangely shaped
                  | body. [potion of mutation]
 27250 | Orc:2    | Lost mutation: You have an increased reservoir of magic.
                  | (+10% MP) [potion of mutation]
 27250 | Orc:2    | Lost mutation: You do not regenerate when monsters are
                  | visible. [potion of mutation]
 27250 | Orc:2    | Gained mutation: You are robust. (+10% HP) [potion of
                  | mutation]
 27368 | D:15     | Entered Level 15 of the Dungeon
 27456 | D:15     | Your ally Horkud died
 27724 | D:15     | Found a staircase to the Depths.
 28234 | Snake:1  | Entered Level 1 of the Snake Pit
 28266 | Snake:1  | Reached skill level 5 in Shields
 28278 | Snake:1  | Gained Blodwig as an ally
 29927 | Snake:2  | Reached skill level 15 in Invocations
 30647 | Snake:3  | Noticed a nagaraja
 30738 | Snake:3  | Reached XP level 17. HP: 87/184 MP: 28/28
 30844 | Snake:3  | Identified the +10 broad axe of the Real Monster {holy,
                  | rF+}
 31656 | Snake:3  | Noticed Vashnia
 31667 | Snake:3  | Killed Vashnia
 31885 | Snake:3  | Gained Arkwar as an ally
 31944 | Snake:3  | Noticed Aizul
 31953 | Snake:3  | Killed Aizul
 32431 | Snake:4  | Entered Level 4 of the Snake Pit
 32533 | Snake:4  | Found Wicrusie's Armour Boutique.
 32630 | Snake:4  | Your ally Blodwig died
 32681 | Snake:4  | Your ally Bladwarg died
 32682 | Snake:4  | Your ally Olfrun died
 32856 | Snake:4  | Got a serpentine rune of Zot
 33153 | Snake:4  | Found Tyaclew's General Store.
 33153 | Snake:4  | Found Kicsok's Antique Armour Boutique.
 33897 | Slime:1  | Entered Level 1 of the Pits of Slime
 33943 | Slime:1  | Your ally Arkwar died
 34022 | Slime:1  | Reached XP level 18. HP: 193/195 MP: 30/30
 34800 | Slime:3  | Gained mutation: Your magical capacity is low. (-10% MP) [a
                  | shining eye]
 35781 | Orc:2    | Bought the ring "Neud" {rC+ rN+ rCorr Str+3} for 721 gold
                  | pieces
 36044 | Slime:4  | Reached skill level 10 in Shields
 36350 | Slime:5  | Entered Level 5 of the Pits of Slime
 36724 | Slime:5  | Paralysed by a great orb of eyes for 2 turns
 36766 | Slime:4  | Gained mutation: Your spells are a little easier to cast,
                  | but a little less powerful. [a shining eye]
 36768 | Slime:4  | Gained mutation: You are resistant to electric shocks.
                  | (rElec) [a shining eye]
 36769 | Slime:4  | Gained mutation: You are clumsy. (Dex -2) [a shining eye]
 36772 | Slime:4  | Gained mutation: Your body sometimes deteriorates upon
                  | taking damage. [a shining eye]
 36773 | Slime:4  | Lost mutation: Your body sometimes deteriorates upon taking
                  | damage. [a shining eye]
 36782 | Slime:4  | Gained mutation: You are very clumsy. (Dex -4) [a shining
                  | eye]
 36912 | Slime:5  | Found a viscous altar of Jiyva.
 36934 | Slime:5  | Noticed the Royal Jelly
 37201 | Slime:5  | HP: 7/198 [azure jelly[the Royal Jelly] (15)]
 37253 | Slime:4  | HP: 6/297 [quicksilver ooze[the Royal Jelly] (23)]
 37254 | Slime:4  | Slain by a quicksilver ooze

Illustrated notes

Levels and vault maps discovered:
D:1:      lemuel_arrival_behind_the_door_large, layout_rooms, kennysheep_boxes
D:2:      layout_basic, hellmonk_ecumenical_altar_leap_of_faith, st_stairs_8,
          dreamdust_wishing_well
D:3:      layout_basic, grunt_temple_overflow_forces_of_nature, serial_shops,
          shop, corner_web_ring, uniq_terence, uniq_robin
D:4:      minmay_spotlight, layout_gridville, temple_green,
          nicolae_figureground_pulse, uniq_ijyb, uniq_edmund
D:5:      layout_loops_ring, nicolae_uskayaw_dance_hall,
          yredelemnul_altar_generic, serial_shops, nicolae_shop_hallway_stairs
D:6:      layout_layer_cave, nicolae_overflow_crystal_walls, okawaru_gym_becter,
          nzn_wu_jian_contemplation
D:7:      gammafunk_the_bubble [the_bubble_gammafunk_split], layout_basic,
          grunt_dithmenos_smoke_and_mirrors
D:8:      layout_gridville, hellmonk_bongcloud_opening, kennysheep_path_1,
          uniq_maggie
D:9:      cheibrodos_ideogram_h, layout_stronghold,
          nicolae_tso_swordbearing_angel, lemuel_tele_altar, uniq_maurice
D:10:     layout_long_grid, bloody_makhleb, lemuel_flamethrower_2
D:11:     layout_basic, orc_david_3
D:12:     layout_roguey, hangedman_incinerator
D:13:     layout_loops_ring, hangedman_vaults_entry_quadrant_bands,
          gauntlet_entry_generic
D:14:     layout_loops_ring, minmay_misc_feat_room,
          portal_ice_cave_entry_ice_statue_one, uniq_kirke
D:15:     hangedman_depths_entry_civil_slaughter, layout_rooms, serial_glass,
          glass_columns_c, glass_columns_a, minmay_radiant
Temple:   minmay_temple_curvy_loop
Lair:1:   layout_gridlike, basic_altar
Lair:2:   layout_gridlike, minmay_shoals_entry_beasts,
          minmay_snake_entry_guardpost_small, minmay_lindwurm_lava
Lair:3:   layout_cave_shapes, serial_forest, infiniplex_forest_clump_tiny,
          infiniplex_forest_clump_long, infiniplex_forest_clump_large,
          infiniplex_forest_diagonal, infiniplex_staircase_pool,
          serial_bayou_shore_b
Lair:4:   layout_cave_pods, slime_entry_2, grunt_forest_small_clearing_treed,
          grunt_megastairs_2
Lair:5:   grunt_lair_end_beastmaster, layout_cave_pods, worms_lemuel,
          grunt_megastairs_4
Snake:1:  layout_rooms
Snake:2:  layout_layer_cave, nicolae_snake_gridmaze_zigzag
Snake:3:  layout_concentric_octagons, uniq_vashnia, uniq_aizul
Snake:4:  johnstein_snake_rune_scales, layout_cave_pods, serial_shops,
          nicolae_shop_advertising_works [nicolae_subvault_shop_adworks],
          nicolae_snake_double_loop, minmay_shoptagon
Slime:1:  layout_caves
Slime:2:  layout_caves, basic_altar
Slime:3:  layout_caves
Slime:4:  layout_caves
Slime:5
Orc:1:    layout_caves, uniq_fannar
Orc:2:    st_orc_open, layout_caves

Skill      XL: |  1  2  3  4  5  6  7  8  9 10 11 12 13 14 15 16 17 18 |
---------------+-------------------------------------------------------+-----
Armour         | 1 2 3 4 5 6 8 10 11 13 14 15 16 17 18 19 | 19.0
Fighting       | 4 5 6 7 8 10 11 13 14 15 17 18 19 20 | 20.8
Axes           | 5 6 7 9 11 12 15 18 20 21 22 | 22.4
Invocations    | 5 8 11 13 15 16 17 | 17.6
Shields        | 1 6 9 10 | 10.5
Dodging        | |  2.4
Stealth        | |  1.5

Action                   |  1- 3 |  4- 6 |  7- 9 | 10-12 | 13-15 | 16-18 || total
-------------------------+-------+-------+-------+-------+-------+-------++-------
Melee: Hand axe          |   124 |   132 |   158 |       |       |       ||   414
       Punch             |     1 |     4 |     2 |       |       |       ||     7
       Unarmed           |       |     1 |     8 |       |       |     3 ||    12
       War axe           |       |       |    63 |       |       |       ||    63
       Battleaxe         |       |       |   120 |   409 |   580 |       ||  1109
       Broad axe         |       |       |       |       |    24 |   700 ||   724
       Flail             |       |       |       |       |       |     9 ||     9
Throw: Stone             |    12 |    52 |    28 |       |       |       ||    92
       Dart              |       |     9 |   119 |    37 |       |       ||   165
Invok: Smiting           |       |       |     1 |       |       |       ||     1
       Convert to Beogh  |       |       |     1 |       |       |       ||     1
       Recall Orcish Fol |       |       |       |     1 |    14 |    12 ||    27
       Give Item to Name |       |       |       |       |     3 |     2 ||     5
       Resurrection      |       |       |       |       |     1 |       ||     1
  Use: Scroll            |       |     2 |    15 |     8 |    13 |    20 ||    58
       Potion            |       |     1 |     6 |     3 |     6 |    22 ||    38
 Stab: Sleeping          |     1 |       |       |       |       |       ||     1
       Distracted        |       |       |     1 |     3 |     4 |     7 ||    15
       Petrified         |       |       |       |       |     4 |       ||     4
Armor: Robe              |    31 |     1 |       |       |       |       ||    32
       Ring mail         |       |    30 |    31 |       |       |       ||    61
       Skin              |       |     6 |     9 |       |       |     2 ||    17
       Plate armour      |       |       |   161 |   358 |   379 |       ||   898
       Crystal plate arm |       |       |       |       |    98 |   504 ||   602
Dodge: Dodged            |    98 |    88 |   140 |   163 |   203 |   132 ||   824
Block: Kite shield       |       |       |       |       |    14 |   222 ||   236
       Reflection        |       |       |       |       |       |    63 ||    63
       Tower shield      |       |       |       |       |       |   596 ||   596
